 Dungeon Crawl Stone Soup version 0.31-a0-233-g139696dc86 (webtiles) character file.

Game seed: 439023452863416376

354 qw the Shooter (level 6, 0/36 HPs)
             Began as a Gargoyle Hexslinger on July 7, 2023.
             Slain by a hound (3 damage)
             ... on level 4 of the Dungeon.
             The game lasted 00:01:07 (2539 turns).

qw the Shooter (Gargoyle Hexslinger)                Turns: 2539, Time: 00:01:08

Health: 0/36       AC:  9    Str: 12    XL:     6   Next: 62%
Magic:  7/7        EV: 11    Int: 13    God:
Gold:   79         SH:  0    Dex: 14    Spells: 6/7 levels left

rFire   + . .        Y - +1 sling
rCold   + . .        (no shield)
rNeg    + + .        c - +2 leather armour {rN+}
rPois   inf          (no helmet)
rElec   +            k - scarf {rC+ rF+}
rCorr   .            (no gloves)
SInv    .            (no boots)
Will    +....        (no amulet)
Stlth   +            b - ring of willpower
HPRegen 0.26/turn    (no ring)
MPRegen 0.10/turn

%: no passive effects
@: no status effects
A: sickness immunity, AC +4, negative energy resistance 1, electricity
resistance, torment resistance 1, petrification resistance
a: no special abilities


You were on level 4 of the Dungeon.
You visited 2 branches of the dungeon, and saw 5 of its levels.

You collected 139 gold pieces.
You spent 60 gold pieces at shops.


Innate Abilities, Weirdness & Mutations

You are immune to sickness and miasma.
Your stone body is resilient. (AC +4)
You are immune to poison.
You resist negative energy. (rN+)
You are resistant to electric shocks. (rElec)
You are resistant to unholy torment.
You are immune to petrification.


   Skills:
 + Level 2.7 Fighting
 - Level 6.2 Ranged Weapons
 - Level 1.0 Armour
 - Level 1.5 Dodging
 - Level 1.0 Spellcasting
 - Level 2.6 Hexes


You had 6 spell levels left.
You knew the following spells:

 Your Spells              Type           Power      Damage    Failure   Level
a - Slow                  Hex            28%        N/A       12%         1

Your spell library contained the following spells:

 Spells                   Type           Power      Damage    Failure   Level
 Inner Flame              Hex/Fire       4%         N/A       52%         3
 Portal Projectile        Hex/Tloc       8%         N/A       52%         3
 Cause Fear               Hex            3%         N/A       75%         4

Inventory:

Hand Weapons
 Y - a +1 sling (weapon)
Armour
 c - a +2 leather armour of positive energy (worn)
 k - a scarf of resistance (worn)
Jewellery
 b - a ring of willpower (left hand)
Scrolls
 h - a scroll of identify
Potions
 a - a potion of mutation
 d - a potion of enlightenment
 e - a potion of heal wounds {unknown}
 i - a potion of magic {unknown}

Dungeon Overview and Level Annotations

Branches:
Dungeon (4/15)             Temple (1/1) D:4

Altars:
Cheibriados
Dithmenos
Elyvilon
Fedhas
Gozag
Hepliaklqana
Kikubaaqudgha
Nemelex Xobeh
Qazlal
Ru
Sif Muna
Trog
Xom
Yredelemnul

Shops:
D:1 *   D:2 [


Message History

You kill the hobgoblin!
You shoot a sling bullet. The sling bullet hits the iguana.
The iguana is moderately wounded.
You shoot a sling bullet.
The sling bullet hits the iguana but does no damage.
The iguana is moderately wounded.
A hound comes into view.
You shoot a sling bullet. The hound barks!
The sling bullet hits the iguana but does no damage.
The iguana is moderately wounded.
The iguana bites you!
You shoot a sling bullet.
The sling bullet hits the iguana but does no damage.
The iguana is moderately wounded.
The orc hits you but does no damage. The iguana bites you.
The hound bites you but does no damage.
You shoot a sling bullet. The sling bullet hits the iguana.
The iguana is heavily wounded.
The hound misses you. The iguana closely misses you.
The orc hits you but does no damage. The hound barely misses you.
The orc hits you from afar with a +0 trident.
The iguana closely misses you.
You shoot a sling bullet. The sling bullet hits the iguana.
The iguana is almost dead.
The hound bites you but does no damage. The orc closely misses you.
The iguana bites you!
You shoot a sling bullet. The sling bullet hits the iguana.
You kill the iguana!
The hound closely misses you. x2; The orc hits you but does no damage.
You shoot a sling bullet.
The sling bullet barely misses the hound.
The hound bites you. The hound bites you but does no damage.
The orc hits you from afar with a +0 trident.
You shoot a sling bullet.
The sling bullet closely misses the hound.
The hound bites you.
The orc hits you from afar with a +0 trident.
The hound bites you.
You die...

^..#. ... #....# ..
#..... .. .... #.....
.# .... ##..... .#
..... .....#..#o
#.....
$.....%)###..... #..
#.@h#...#
#....=#.....# .#
#..#####.>.##
..#######.....#.(...#
#.......#.#..#...#...#
#........
#....###.....
#........ #...#.#
#..... #.......#
#.#..?# .#...
#.......####.##..#..
....


You could see a hound and an orc.

Vanquished Creatures
  Grinder (D:3)
  An iguana (D:4)
  2 adders
  4 gnolls
  A worm (D:3)
  2 dart slugs
  5 orcs
  7 endoplasms
  5 giant cockroaches
  6 goblins
  7 hobgoblins
  2 quokkas
  6 ball pythons
  4 bats
  2 frilled lizards
  7 kobolds
  8 rats
70 creatures vanquished.

Notes
Turn   | Place    | Note
-------+----------+-------------------------------------------
     0 | D:1      | qw the Gargoyle Hexslinger began the quest for the Orb.
     0 | D:1      | Reached XP level 1. HP: 12/12 MP: 2/2
     0 | D:1      | 0 ||| qw: Version: 0.3-a-46-gb1f654a
     0 | D:1      | 0 ||| qw: Game counter: 3018
     0 | D:1      | 0 ||| qw: Melee chars always use a shield: true
     0 | D:1      | 0 ||| qw: God list: Okawaru
     0 | D:1      | 0 ||| qw: Allow faded altars: false
     0 | D:1      | 0 ||| qw: Do Orc after clearing Dungeon:15 true
     0 | D:1      | 0 ||| qw: Do second Lair branch before Depths: true
     0 | D:1      | 0 ||| qw: Lair rune preference: random
     0 | D:1      | 0 ||| qw: Goals: Normal
     0 | D:1      | 0 ||| PLANNING D:1-11
   142 | D:1      | Reached XP level 2. HP: 14/16 MP: 3/3
   259 | D:1      | Reached skill level 3 in Ranged Weapons
   388 | D:1      | Found Xoasy's General Store.
   431 | D:1      | 431 ||| BUYING +0 ring mail (40 gold).
   431 | D:1      | Bought a +0 ring mail for 40 gold pieces
   431 | D:1      | 431 ||| SHOPLISTING potion of haste (100 gold, have 31).
   431 | D:1      | 431 ||| BUYING scroll of identify (20 gold).
   431 | D:1      | Bought a scroll of identify for 20 gold pieces
   691 | D:1      | Reached XP level 3. HP: 21/21 MP: 4/4
   844 | D:1      | 844 ||| UPGRADING to +0 ring mail.
   854 | D:1      | 854 ||| DROPPING +0 robe.
   855 | D:1      | 855 ||| UPGRADING to scarf of resistance.
   860 | D:1      | 860 ||| READING scroll labelled HITYFU PEDU.
  1105 | D:1      | 1105 ||| DROPPING ring of wizardry.
  1106 | D:1      | 1106 ||| READING scroll labelled UCUTOC NEMOUXO.
  1107 | D:1      | 1107 ||| READING scroll labelled LACEAR JAJINU.
  1108 | D:1      | 1108 ||| READING scroll labelled PAS BOEMAKHIME.
  1109 | D:1      | 1109 ||| DRINKING 2 bubbling coppery potions.
  1151 | D:1      | 1151 ||| READING 2 scrolls of identify.
  1151 | D:1      | 1151 ||| IDENTIFYING grey potion
  1152 | D:1      | 1152 ||| DROPPING scroll of poison.
  1153 | D:1      | 1153 ||| DROPPING potion of lignification.
  1172 | D:2      | 1172 ||| STAIRDANCE
  1186 | D:2      | 1186 ||| STAIRDANCE
  1214 | D:2      | 1214 ||| STAIRDANCE
  1250 | D:2      | Reached XP level 4. HP: 24/26 MP: 5/5
  1262 | D:2      | Reached skill level 4 in Ranged Weapons
  1356 | D:2      | Reached skill level 1 in Armour
  1641 | D:2      | Identified the +0 fire dragon scales of Plog {rElec rF++
                  | rC-}
  1771 | D:2      | Found Yhingua's Antique Armour Emporium.
  1775 | D:2      | 1775 ||| SHOPLISTING helmet (112 gold, have 51).
  1775 | D:2      | 1775 ||| SHOPLISTING pair of boots (112 gold, have 51).
  1775 | D:2      | 1775 ||| SHOPLISTING runed leather armour (125 gold, have
                  | 51).
  1775 | D:2      | 1775 ||| SHOPLISTING troll leather armour (375 gold, have
                  | 51).
  1996 | D:3      | Reached XP level 5. HP: 30/30 MP: 6/6
  2110 | D:3      | Noticed Grinder
  2149 | D:3      | Killed Grinder
  2150 | D:3      | Reached skill level 6 in Ranged Weapons
  2150 | D:3      | Reached XP level 6. HP: 23/35 MP: 7/7
  2315 | D:3      | 2315 ||| UPGRADING to ring of willpower.
  2316 | D:3      | 2316 ||| READING scroll labelled BEREPE RACZOARPH.
  2317 | D:3      | 2317 ||| READING 2 scrolls of identify.
  2317 | D:3      | 2317 ||| IDENTIFYING fuming ruby potion
  2370 | D:4      | Found a staircase to the Ecumenical Temple.
  2371 | D:4      | 2371 ||| PLANNING TEMPLE
  2371 | D:4      | 2371 ||| UPGRADING to +2 leather armour of positive energy.
  2381 | D:4      | 2381 ||| DROPPING +0 ring mail.
  2392 | Temple   | Entered the Ecumenical Temple
  2503 | Temple   | 2503 ||| PLANNING D:1-11
  2538 | D:4      | HP: 9/36 [orc/+0 trident (4)]
  2539 | D:4      | HP: 3/36 [orc/+0 trident (6)]
  2539 | D:4      | Slain by a hound

Levels and vault maps discovered:
D:1:      noname_arrival_rooms_in_the_neighbourhood, layout_basic, serial_shops,
          nicolae_shop_peninsula, hangedman_glass_teeth, minmay_split_cup_large
D:2:      layout_basic, serial_shops, nicolae_shop_back_alley_shop
D:3:      layout_rooms, uniq_grinder
D:4:      layout_rooms, tso_altar, lemuel_tele_altar,
          mainiacjoe_overflow_small_starburst, minmay_temple_entry_arrows,
          uniq_natasha
Temple:   nicolae_temple_two_arcs

Skill      XL: |  1  2  3  4  5 |
---------------+----------------+-----
Ranged Weapons | 3 4 6 |  6.2
Fighting       | 2 |  2.7
Armour         | 1 |  1.0
Dodging        | |  1.5
Spellcasting   | |  1.0
Hexes          | |  2.6

Action                     |  1- 3 |  4- 6 || total
---------------------------+-------+-------++-------
   Fire: Sling             |   113 |   163 ||   276
    Use: Scroll            |     5 |     2 ||     7
         Potion            |     1 |       ||     1
 Armour: Robe              |     5 |       ||     5
         Ring mail         |    12 |    27 ||    39
         Leather armour    |       |    14 ||    14
  Dodge: Dodged            |    30 |    48 ||    78

Table legend:
 A = Non-vault XP
 B = Vault XP
 C = Vault XP percentage of total XP
 D = Non-vault monster count
 E = Vault monster count
 F = Vault count percentage of total count
                 A         B        C        D         E       F
            +---------+---------+-------+---------+---------+-------
      Total |     228 |     278 |  54.9 |      65 |       5 |   7.1
            +---------+---------+-------+---------+---------+-------
        D:1 |      59 |       6 |   9.2 |      28 |       4 |  12.5
        D:2 |      82 |       0 |   0.0 |      19 |       0 |   0.0
        D:3 |      22 |     272 |  92.5 |      10 |       1 |   9.1
        D:4 |      65 |       0 |   0.0 |       8 |       0 |   0.0
            +---------+---------+-------+---------+---------+-------
